 Dungeon Crawl Stone Soup version 0.27-a0-1177-g245c70e1c0 (webtiles) character file.

Game seed: 17405115572394505619

3 polve the Chopper (level 1, 0/16 HPs)
             Began as a Demonspawn Gladiator on May 16, 2021.
             Frozen to death by an endoplasm (5 damage)
             ... on level 1 of the Dungeon.
             The game lasted 00:00:06 (40 turns).

polve the Chopper (Demonspawn Gladiator)              Turns: 40, Time: 00:00:07

Health: 0/16       AC:  4    Str: 14    XL:     1   Next: 41%
Magic:  1/1        EV: 12    Int:  9    God:
Gold:   0          SH:  0    Dex: 14    Spells: 0/0 levels left

rFire    . . .     SeeInvis .   a - +0 war axe
rCold    . . .     Faith    .   (no shield)
rNeg     . . .     Spirit   .   b - +0 leather armour
rPois    .         Reflect  .   c - +0 helmet
rElec    .         Harm     .   (no cloak)
rCorr    .         Rampage  .   (no gloves)
Will     .....                  (no boots)
Stlth    +.........             (no amulet)
HPRegen  0.05/turn              (no ring)
MPRegen  0.07/turn              (no ring)

@: no status effects
A: no striking features
a: no special abilities


You were on level 1 of the Dungeon.
You visited 1 branch of the dungeon, and saw 1 of its levels.

Inventory:

Hand Weapons
 a - a +0 war axe (weapon)
Missiles
 d - 3 throwing nets (quivered)
Armour
 b - a +0 leather armour (worn)
 c - a +0 helmet (worn)


   Skills:
 - Level 2.0 Fighting
 + Level 2.9 Axes
 - Level 1.7 Throwing
 - Level 2.6 Dodging


You couldn't memorise any spells.
You didn't know any spells.
Your spell library was empty.

Dungeon Overview and Level Annotations

Branches:
Dungeon (1/15)

Altars:


Message History

You are too injured to fight recklessly!
You are too injured to fight recklessly!
You are too injured to fight recklessly!
You are too injured to fight recklessly!
You are too injured to fight recklessly!
You barely miss the kobold. The kobold closely misses you.
You slash the kobold!
You kill the kobold!
You swing at nothing.
You swing at nothing.
The rat misses you.
You barely miss the rat. The rat bites you.
You barely miss the rat. The rat misses you.
You closely miss the rat. The rat barely misses you.
The rat bites you but does no damage.
You completely miss the rat. The rat bites you but does no damage.
You completely miss the rat. The rat bites you but does no damage.
The endoplasm quivers.
You hit the rat.
The rat is severely wounded.
The rat barely misses you. The rat bites you.
You hit the rat.
You kill the rat!
A bat comes into view.
A hobgoblin comes into view.
You swing at nothing.
You swing at nothing.
You swing at nothing.
You hit the endoplasm.
The endoplasm is moderately wounded.
The endoplasm freezes you.
You are frozen.
The endoplasm freezes you.
You are frozen.
You hit the endoplasm.
The endoplasm is severely wounded.
The endoplasm barely misses you.
You barely miss the endoplasm.
The endoplasm is severely wounded.
The endoplasm freezes you.
You are frozen.
You die...

#...## ......
.... ...# ### ♣..
##.## ♣♣.###...##
♣≈.##..∩..##
♣#)#.......######
#@............<#
#J#####+########
♣.b. ♣≈....
≈≈P≈....
.≈≈P≈...≈.
≈.≈P≈≈..P≈≈.
P.≈≈≈♣....≈≈≈


You could see an endoplasm and a bat.

Vanquished Creatures
  A frilled lizard (D:1)
  2 kobolds (D:1)
  A rat (D:1)
4 creatures vanquished.

Vanquished Creatures (others)
  A plant (D:1)
1 creature vanquished.

Grand Total: 5 creatures vanquished

Notes
Turn   | Place    | Note
-------+----------+-------------------------------------------
     0 | D:1      | polve the Demonspawn Gladiator began the quest for the Orb.
     0 | D:1      | Reached XP level 1. HP: 16/16 MP: 1/1
    40 | D:1      | Frozen to death by an endoplasm

Illustrated notes

Levels and vault maps discovered:
D:1:      amcnicky_arrival_feature_with_door, layout_basic, serial_bayou,
          serial_bayou_lake_a, serial_bayou_pond_b, serial_bayou_lagoon_b,
          serial_bayou_ford_a

Action                   || total
-------------------------++-------
Melee: War axe           ||    18
Armor: Leather armour    ||     5
Dodge: Dodged            ||     9

Table legend: (Time is in decaauts)
 A = Elapsed time spent in this place.
 B = Non-inter-level travel time spent in this place.
 C = Inter-level travel time spent in this place.
 D = Time resting spent in this place.
 E = Time spent auto-exploring this place.
 F = Levels seen in this place.
 G = Mean time per level.
                   A        B        C        D        E       F      G
               +--------+--------+--------+--------+--------+-----+--------+
         Total |     47 |     47 |      0 |      0 |     13 |   1 |   47.0 |
       Dungeon |     47 |     47 |      0 |      0 |     13 |   1 |   47.0 |
               +--------+--------+--------+--------+--------+-----+--------+

Top non-repeatable levels by time:
     D:1: 47 daAuts
